Cogmind - Beta 15 @@@ ROGUE MODE // 2025.06.28 @ 17:45:02 Player: clapo Result: Self-destructed Performance ------------- Evolutions (1) 500 Regions Visited (2) 400 Robots Destroyed (10) 50 Value Destroyed (93) 93 Prototype IDs (0) 0 Alien Tech Used (0) 0 Bonus (0) 0 TOTAL SCORE: 1043 Bonus ------- None Cogmind --------- Core Integrity 400/400 Matter 400/400 Energy 125/125 System Corruption 0% Temperature Cool (0) Movement Core (150) Ox2 Location -9/Materials Parts ------- > --- POWER (1) -------- Light Ion Engine > --- PROPULSION (4) --- (None) > --- UTILITY (2) ------ Medium Matter Pod Improved Terrain Scanner > --- WEAPON (2) ------- EM Pulse Gun Light Assault Rifle > --- INVENTORY (5) ---- Aluminum Leg Aluminum Leg Flight Unit Flight Unit Flight Unit Peak State ------------ > --- POWER ------------ Light Ion Engine > --- PROPULSION ------- Aluminum Leg Aluminum Leg > --- UTILITY ---------- Medium Matter Pod Improved Terrain Scanner > --- WEAPON ----------- EM Pulse Gun Light Assault Rifle > --- INVENTORY -------- Aluminum Leg Aluminum Leg [Rating: 9] Favorites ----------- Power Light Ion Engine Engine Light Ion Engine Propulsion Aluminum Leg Leg Aluminum Leg Utility Medium Matter Pod Device Improved Terrain Scanner Storage Medium Matter Pod Weapon Light Assault Rifle Energy Gun EM Pulse Gun Ballistic Gun Light Assault Rifle Build | -11 -10 -9 ------- Run | Yrd Mat Mat Slots Evolved 2 | . . 2 Power . | . . . Propulsion 2 | . . 2 Utility . | . . . Weapon . | . . . Parts Attached 7 | 7 . . Power 1 | 1 . . Engine 1 | 1 . . Core . | . . . Reactor . | . . . Propulsion 2 | 2 . . Treads . | . . . Leg 2 | 2 . . Wheel . | . . . Hover . | . . . Flight . | . . . Utility 2 | 2 . . Device 1 | 1 . . Storage 1 | 1 . . Processor . | . . . Hackware . | . . . Protection . | . . . Artifact . | . . . Weapon 2 | 2 . . Energy Gun 1 | 1 . . Energy Cannon . | . . . Ballistic Gun 1 | 1 . . Ballistic Cannon . | . . . Launcher . | . . . Special Weapon . | . . . Impact Weapon . | . . . Slashing Weapon . | . . . Piercing Weapon . | . . . Special Melee Weapon . | . . . Unidentified Prototypes . | . . . Parts Lost . | . . . Power . | . . . Propulsion . | . . . Utility . | . . . Weapon . | . . . Highest Loss Streak . | . . . To Critical Strikes . | . . . Average Backups 1 | . 2 4 Power . | . . . Propulsion 1 | . 2 4 Utility . | . . . Weapon . | . . . Tool/Special . | . . . Unused Backups 6 | . 2 4 Power . | . . . Propulsion 6 | . 2 4 Utility . | . . . Weapon . | . . . Tool/Special . | . . . Average Slot Usage (%) 93 | . 100 63 Engine 13 | . 14 11 Leg 24 | . 28 8 Device 13 | . 14 11 Storage 13 | . 14 11 Energy Gun 13 | . 14 11 Ballistic Gun 13 | . 14 11 Peak Build Rating 9 | 9 9 9 Average Rating 6 | 5 9 7 On Entrance 6 | . 9 9 Naked Turns . | . . . Heaviest Build 9 | 9 9 9 Greatest Support 20 | 20 20 20 Greatest Overweight (x) 2 | . . 2 Average Overweight (x) . | . . 1 Largest Inventory Capacity 5 | 5 5 5 Average Capacity 5 | 5 5 5 Most Carried 5 | 3 5 5 Average Carried 1 | . 2 4 Final Capacity 5 | 5 5 5 Final Carried 5 | 2 4 5 Class Distribution -------------------- 100% | Mutant Dominant Class ---------------- Mutant | -10/Materials Mutant | -9/Materials Resources | -11 -10 -9 ----------- Run | Yrd Mat Mat Matter Collected 389 | 382 7 . Remotely . | . . . Salvage Created 284 | 130 154 . Parts 33 | 19 14 . Haulers Intercepted . | . . . Recyclers Shooed . | . . . Parts Field Recycled . | . . . Retrieved Matter . | . . . Parts Self-Destructed . | . . . Prevented . | . . . Kills | -11 -10 -9 ------- Run | Yrd Mat Mat Combat Hostiles Destroyed 4 | 1 3 . Guns 4 | 1 3 . Classes Destroyed 5 | 3 2 . Worker 2 | 1 1 . Tunneler 3 | 3 . . Recycler 1 | . 1 . Swarmer 3 | . 3 . Grunt 1 | 1 . . Best Kill Streak 5 | 4 5 . Combat Bots Only 3 | 1 3 . Max Kills in Single Turn 2 | 1 2 . Gunslinging 1 | . 1 . Exploded . | . . . Melee . | . . . Uniques/NPCs Destroyed . | . . . Combat | -11 -10 -9 -------- Run | Yrd Mat Mat Hostile Shots Fired 28 | 3 23 2 Missed 11 | 3 7 1 Hits 17 | . 16 1 Projectile 17 | . 16 1 Critical Strikes 1 | . 1 . Damage Taken 174 | . 162 12 Core 33 | . 33 . Absorbed by Shields . | . . . Core Remaining (%) 93 | 100 86 . Volleys Fired 19 | 12 7 . Largest 2 | 2 2 . Hottest 60 | 60 60 . Shots Fired 38 | 24 14 . Gun 38 | 24 14 . Cannon . | . . . Launcher . | . . . Special . | . . . Kinetic 19 | 12 7 . Thermal . | . . . Explosive . | . . . Electromagnetic 19 | 12 7 . Robot Hit Streak 9 | 2 9 . Robot Miss Streak 3 | 3 1 . Penetration Max . | . . . Secondary Targets 1 | . 1 . Max Gunslinging Chain 1 | . 1 . Shots Hit Robots 24 | 12 12 . Core Hits 14 | 6 8 . Critical Kills 1 | 1 . . Critical Parts Destroyed . | . . . Critical Strikes 1 | 1 . . Destroy 1 | 1 . . Melee Attacks . | . . . Impact . | . . . Slashing . | . . . Piercing . | . . . Sneak Attacks . | . . . Combat Hostiles . | . . . Follow-up Attacks . | . . . Damage Inflicted 245 | 126 119 . Guns 245 | 126 119 . Cannons . | . . . Explosions . | . . . Melee . | . . . Ramming . | . . . Kinetic 99 | 58 41 . Thermal . | . . . Explosive . | . . . Electromagnetic 146 | 68 78 . Impact . | . . . Slashing . | . . . Piercing . | . . . Highest Corruption . | . . . Average Corruption . | . . . Corruption Purged . | . . . Corruption Blocked . | . . . Overload Shots . | . . . Overflow Damage . | . . . Projectiles . | . . . Explosions . | . . . Melee . | . . . Knockbacks . | . . . Impact . | . . . Kinetic . | . . . Secondary . | . . . Self-Inflicted Damage . | . . . Shots . | . . . Rammed . | . . . Targets Rammed . | . . . Kicked . | . . . Crushed . | . . . Highest Temperature 60 | 60 40 . Average Temperature 27 | 32 17 . Received Heat Transfer 6 | . . 6 Siege Activations . | . . . Martial Activations . | . . . Shielding Activations . | . . . Robots Disrupted 1 | . 1 . Combat Hostiles . | . . . Robots Corrupted . | . . . Combat Hostiles . | . . . Parts Fried . | . . . Impact Corruptions . | . . . Robots Melted . | . . . Combat Hostiles . | . . . Parts Melted . | . . . Heat Transferred . | . . . Parts Sabotaged . | . . . Parts Stolen . | . . . Parts Stripped . | . . . Power Chain Reactions . | . . . Alert | -11 -10 -9 ------- Run | Yrd Mat Mat Maximum Alert Level . | . . . Low Security (%) 100 | 100 100 100 Level 1 . | . . . Level 2 . | . . . Level 3 . | . . . Level 4 . | . . . Level 5 . | . . . High Security . | . . . Max Security . | . . . Peak Influence 70 | 25 70 20 Initial 20 | . . 20 Average 7 | 2 19 13 Influence Increases 134 | 40 94 . Destroy 0b10 Robot/C 80 | 20 60 . Destroy 0b10 Robot/NC 30 | 20 10 . Destroy Leader 10 | . 10 . Successful Hack 14 | . 14 . Influence Decreases 134 | 40 44 50 Entered New Map 30 | . . 30 Time Decay 104 | 40 44 20 Squads Dispatched . | . . . Investigation . | . . . Extermination . | . . . Reinforcement . | . . . Assault . | . . . Garrison . | . . . Intercept . | . . . Searches Triggered . | . . . Construction Impeded . | . . . Haulers Reinforced . | . . . Active Scanning Responses . | . . . Cargo Convoy Interrupts . | . . . Stealth | -11 -10 -9 --------- Run | Yrd Mat Mat Distress Signals . | . . . Communications Jammed . | . . . Distress Signals . | . . . Times Spotted 5 | 1 3 1 Peak Tracking Total 3 | 1 3 1 Tactical Retreats . | . . . Traps | -11 -10 -9 ------- Run | Yrd Mat Mat Traps Triggered 1 | . 1 . Indirectly . | . . . Trap Hack Attempts . | . . . Triggered . | . . . Disarmed . | . . . Reprogrammed . | . . . Reused . | . . . Traps Extracted . | . . . Installed . | . . . Triggered . | . . . Machines | -11 -10 -9 ---------- Run | Yrd Mat Mat Machines Disabled . | . . . Max in Single Turn . | . . . Machines Repaired . | . . . Machines Dismantled . | . . . Machines Sabotaged . | . . . Overloaded Fab Kills . | . . . Hacking | -11 -10 -9 --------- Run | Yrd Mat Mat Machines Accessed 1 | . 1 . Terminals 1 | . 1 . Fabricators . | . . . Repair Stations . | . . . Recycling Units . | . . . Scanalyzers . | . . . Garrison Access . | . . . Total Hacks 2 | . 2 . Successful 1 | . 1 . Failed 1 | . 1 . Catastrophic . | . . . Database Lockouts . | . . . Manual . | . . . Terminals 2 | . 2 . Fabricators . | . . . Repair Stations . | . . . Recycling Units . | . . . Scanalyzers . | . . . Garrison Access . | . . . Terminal Hacks 1 | . 1 . Locate Traps 1 | . 1 . Fabricator Hacks . | . . . Repair Station Hacks . | . . . Recycling Unit Hacks . | . . . Scanalyzer . | . . . Garrison Access Hacks . | . . . Unauthorized Hacks . | . . . Terminals . | . . . Fabricators . | . . . Repair Stations . | . . . Recycling Units . | . . . Scanalyzers . | . . . Garrison Access . | . . . Data Cores Recovered . | . . . Used . | . . . Hacking Detections 1 | . 1 . Full Trace Events . | . . . Feedback Events . | . . . Feedback Blocked . | . . . Robot Schematics Acquired . | . . . Robots Built . | . . . Authchips . | . . . Time . | . . . Total Robot Build Rating . | . . . Part Schematics Acquired . | . . . Parts Built . | . . . Authchips . | . . . Time . | . . . Total Part Build Rating . | . . . Parts Repaired . | . . . Time . | . . . Parts Recycled . | . . . Recycled Matter . | . . . Retrieved Matter . | . . . Retrieved Components . | . . . Parts Scanalyzed . | . . . Part Schematics Acquired . | . . . Parts Damaged . | . . . Bothacking | -11 -10 -9 ------------ Run | Yrd Mat Mat Used RIF Installer . | . . . Robots Hacked . | . . . Non-combat . | . . . Combat . | . . . Robot Hacks Applied . | . . . Relay Couplers Released . | . . . Fabnet Peak Effective % . | . . . Robots Rewired . | . . . Allies Hacked . | . . . Hacks Repelled . | . . . Allies | -11 -10 -9 -------- Run | Yrd Mat Mat Total Allies . | . . . Largest Group . | . . . Highest-Rated Group . | . . . Highest-Rated Ally . | . . . Total Orders . | . . . Ally Attacks . | . . . Total Damage . | . . . Kills . | . . . Allies Corrupted . | . . . Allies Melted . | . . . Intel | -11 -10 -9 ------- Run | Yrd Mat Mat Active Infowar (turns) 281 | 28 211 42 Terrain 281 | 28 211 42 Robot Analysis Total . | . . . Derelict Logs Recovered . | . . . Drone Launches . | . . . Drone Recoveries . | . . . Exploration | -11 -10 -9 ------------- Run | Yrd Mat Mat Turns Passed 785 | 532 211 42 Spaces Moved 606 | 421 157 28 Core 50 | 28 . 22 Treads . | . . . Legs 556 | 393 157 6 Wheels . | . . . Hover . | . . . Flight . | . . . Fastest Speed 50 | 50 120 120 Average Speed 117 | 115 120 143 Slowest Speed 150 | 120 120 150 Overloaded Moves . | . . . Propulsion Burnouts . | . . . Robots Hopped . | . . . Potential Cave-ins . | . . . Cave-ins Triggered . | . . . Exploration Rate (%) 12 | 7 25 4 Regions Visited 2 Branch Regions . Pre-discovered Areas . | . . . Known Exits Taken . | . . . Unknown Exits Taken 2 | 1 1 . Scrap Searched . | . . . Spaces Dug . | . . . Terrain Destroyed . | . . . Melee . | . . . Projectile . | . . . AOE . | . . . Terrain Rammed . | . . . Walls Destroyed . | . . . Machines Disabled . | . . . Actions | -11 -10 -9 --------- Run | Yrd Mat Mat Total 641 | 442 169 30 Wait . | . . . Move 604 | 420 156 28 Hop . | . . . Pick Up 7 | 3 4 . Fast Attach 6 | 6 . . Attach 1 | 1 . . Detach 1 | . . 1 Swap . | . . . Drop 3 | . 2 1 Fire 19 | 12 7 . Melee . | . . . Ram . | . . . Kick . | . . . Crush . | . . . Escape Stasis . | . . . Rewire . | . . . Trap . | . . . Miscellaneous . | . . . Route ------- -11/Scrapyard -10/Materials -9/Materials History --------- Turn | Location | Event 2 | -11/Scrapyard | Met Revision 17 292 | -11/Scrapyard | Discovered new exit (range 8) 533 | -11/Scrapyard | Entered Materials 534 | -10/Materials | Build established: Mutant 730 | -10/Materials | Discovered new exit (range 10) 744 | -10/Materials | Entered another Materials area 744 | -9/Materials | Evolved 2 slots: Propulsion x2 786 | -9/Materials | Self-destructed Last Messages --------------- 00696_ Acquired Flight Unit. 00696_ R-06 Scavenger collects Lgt. Ion Engine. 00699_ Acquired Flight Unit. 00700_ K-01 Serf collects debris. 00700_ R-06 Scavenger shuts down. 00700_ R-06 Scavenger destroyed. 00703_ K-01 Serf destroyed. 00708_ Acquired 7 matter. 00711_ Dropped Flight Unit. 00711_ Acquired Flight Unit. 00717_ Dropped Corrupted Aluminum Leg. 00730_ EXIT=FOUND 00733_ K-01 Serf collects debris. 00742_ Triggered Explosive Trap. 00742_ An explosion rips through the floor. 00743_ U-05 Engineer builds a Door. PARAMETERS=PROPULSION+2 LOCATION=UNKNOWN GOAL=ESCAPE 00752_ Dropped Aluminum Leg. Map ----- +----------------------------------------------------+ | ?????????????????????????????????????????????????? | | ?????????????????????????????????????????????????? | | ?????????????????????????????????????????????????? | | ?????????????????????????????????????????????????? | | ?????????????????????????????????????????????????? | | ??????????????????????? ???????????????????????? | | ??????????????????????# ???????????????????????? | | ??????????????????????# ???????????????????????? | | ??????????????????????# ???? ??????????????????? | | ??????????????????????# ???????????????????????? | | ????????????????? ????+ ???????????????????????? | | ??????????????????????# ???????????????????????? | | ??????????????????????# #?#????????????????????? | | ??????????????????????# #??????????????????????? | | ????????????????#?????# g #??????????????????????? | | ??????????????????????# #??#????"??????????????? | | ??????????????????????# #???? ?????????????????? | | ?????????? ???#???????+ #?#######??????????????? | | ???????????????????"??# #?# ??????????????? | | ???????????????????? ?# #?? "??????????????? | | ???????????????#??????# #?? "??????????????? | | ??????????????????????# #??? """????????????? | | ??????????????????????# #??? ????????????? | | ??????????????????????# #???? ""?????????????? | | ??????????????????????# #???? ""?????????????? | | ?????????????????? ? ?# @#????? "??????????????? | | ??????????????????????# #???? ??????????????? | | ?????????????########## #######+####???????????? | | ?????????? = #???????????# | | ?????????? #?#?????????? | | ?????????? #???????????? | | ???????????#+#############+###########???????????? | | ????????????????????????? ???? ???#??#???????????? | | ?????????????????????????????????????????????????? | | ???????????????????????????????????????#?????????? | | ????????????????#????????????????????????????????? | | ??????????????????????? ????????????????????????? | | ??????????????????????"??????????????????#???????? | | ???????????????????????????????????#?????????????? | | ?????????????????????????????????????????????????? | | | | | | | | | | | | | | | | | | | | | +----------------------------------------------------+ Best States ------------- Heat Dissipation 28 Energy Generation 10 Energy Capacity 125 Matter Stores 400 Matter Capacity 400 Sight Range 16 Terrain Scan Range 16 Terrain Scan Density 10 Evasion (%) 55 Item Schematics ----------------- None Robot Schematics ------------------ None Fabricated ------------ Nothing Repaired ---------- Nothing Alien Tech Used ----------------- None Achievements -------------- None Challenges ------------ None Game ------ Seed SurveybotProtonRedirector Manual? 0 Play Time 00:09:20 Cumulative 3.4 hours Start 2025.06.24 @ 22:25:06 End 2025.06.28 @ 17:45:02 Sessions 3 Manual Loads 0 Difficulty Rogue Special Mode None Game No. 9 Rogue 9 Adventurer 0 Explorer 0 Win Type - Total 0 Types 0/0/0/0/0/0/0/0/0/0 Lore% 1 Gallery% 8 Achievement% 7 Wizard Run 0 Options --------- Layout 1 ASCII 0 Keyboard 0 Movement Vi Keybinds 0 Fullscreen 2 Font 32/SmallcapsGlow Map View 50x35 Zoom Use 0% Tactical HUD 1 Map Filters NONE Filters NONE Steam 1 RUN: 9777e961-702e-4109-a04a-57637dc65d22